Map: Abyssal Reef LE

Players

floatingoats - Winner!

  • Race: Zerg Zerg
  • League: Platinum
  • Spawn Location: 5:00

Yata

  • Race: Zerg Zerg
  • League: Platinum
  • Spawn Location: 11:00

VOD

Have the link to the VOD?

Description

Time

  • Played on: Sept. 28, 2017, 9:28 p.m.
  • Length: 19:27
Show
View Real Time Build Order
Export as new Build Order

floatingoats Zerg - Winner!

Build Orders: Hatch First, Lurkers 

Get SALT Encoding   

  12  0:01  Drone  
  13  0:11  Drone  
  14  0:18  Overlord  
  14  0:24  Extractor, Drone  
  15  0:51  Hatchery  
  15  0:55  Drone  
  15  1:10  Drone x3  
  18  1:22  Spawning Pool  
  17  1:29  Extractor  
  17  1:31  Overlord  
  16  1:43  Drone x2  
  18  1:59  Drone  
  19  2:09  Zergling x4  
  19  2:11  Queen  
  19  2:12  Queen  
  25  2:18  Zergling x4  
  27  2:33  Roach Warren, Drone  
  27  2:40  Drone  
  28  2:46  Baneling Nest  
  27  2:55  Drone  
  27  2:56  Drone x2  
  30  3:01  Overlord  
  30  3:12  Drone x3  
  33  3:35  Roach  
  33  3:36  Roach x4  
  43  3:42  Extractor, Evolution Chamber  
  43  3:46  Lair  
  41  3:51  Overlord  
  39  4:06  Baneling x3  
  39  4:11  Drone x2  
  41  4:18  Drone x2  
  41  4:19  Drone x3  
  41  4:22  Extractor  
  46  4:38  Roach x2  
  46  4:39  Roach  
  46  4:40  Zergling x2  
  46  4:41  Overlord  
  51  4:50  Spine Crawler  
  50  4:56  Spine Crawler  
  50  5:17  Hatchery  
  50  5:21  Spore Crawler, Zerg Missile Weapons Level 1  
  48  5:25  Glial Reconstitution  
  48  5:31  Baneling x2  
  48  5:32  Baneling, Spore Crawler  
  48  5:34  Drone  
  48  5:48  Drone  
  48  5:49  Drone x4  
  53  6:06  Evolution Chamber  
  53  6:07  Drone  
  53  6:08  Drone, Hydralisk Den  
  46  6:30  Drone  
  46  6:31  Drone x8  
  54  6:36  Zergling x2  
  55  6:57  Baneling x2  
  55  7:03  Zergling x2  
  55  7:04  Zergling x14  
  63  7:15  Zerg Ground Armor Level 1  
  56  7:25  Drone  
  56  7:26  Drone x2  
  59  7:30  Baneling  
  59  7:31  Baneling x15  
  59  7:40  Lurker Den  
  59  7:48  Hatchery  
  59  7:49  Hydralisk  
  60  7:51  Overlord x2  
  60  8:02  Zerg Missile Weapons Level 2  
  60  8:09  Roach, Queen  
  60  8:10  Roach  
  60  8:42  Hydralisk x6  
  60  8:47  Overlord x2  
  72  9:12  Infestation Pit  
  72  9:13  Lurker x2  
  72  9:16  Drone x4  
  72  9:17  Drone x8  
  85  9:22  Lurker  
  88  9:24  Roach  
  88  9:25  Roach  
  81  10:04  Lurker x3  
  81  10:05  Extractor  
  83  10:12  Drone x2  
  85  10:49  Zergling x2, Hatchery  
  89  10:50  Zergling x14  
  89  10:51  Overlord x4  
  89  10:52  Overlord x7  
  89  10:56  Zerg Ground Armor Level 2  
  92  11:00  Muscular Augments  
  92  11:38  Hydralisk  
  92  11:39  Hydralisk x9  
  112  11:50  Lurker  
  113  11:55  Extractor  
  113  11:58  Extractor  
  76  12:52  Hydralisk  
  76  12:53  Hydralisk x8  
  76  12:54  Hydralisk x5  
  76  12:56  Drone x3  
  107  13:14  Drone x2  
  107  13:15  Drone  
  110  13:20  Hatchery  
  110  13:21  Hatchery  
  109  13:35  Lurker x4  
  86  14:18  Hatchery  
  67  14:42  Hydralisk x2  
  67  14:43  Hydralisk x12  
  95  15:08  Hive  
  95  15:25  Extractor  
  94  15:36  Lurker  
  94  15:37  Lurker x2  
  97  16:27  Lurker x6  
  98  16:42  Lurker x2  
  98  16:45  Zergling x2  
  98  16:46  Zergling x58  
  130  17:22  Hydralisk x2  
  130  17:23  Hydralisk x9  
  130  17:25  Overlord x3  
  149  18:02  Hydralisk x8  
  156  18:22  Hydralisk x4  
  164  18:57  Ultralisk Cavern  
  163  19:12  Hatchery  
  163  19:15  Spore Crawler x2  
  163  19:16  Spore Crawler  
Show
View Real Time Build Order
Export as new Build Order

Yata Zerg 

Build Orders: Hatch First 

Get SALT Encoding   

  12  0:05  Drone  
  13  0:13  Overlord  
  13  0:34  Drone x3  
  16  0:45  Drone  
  17  1:03  Drone  
  18  1:06  Hatchery  
  18  1:08  Drone  
  18  1:18  Extractor  
  17  1:21  Drone, Spawning Pool  
  17  1:29  Drone  
  18  1:40  Drone  
  19  1:50  Overlord  
  20  2:01  Drone  
  20  2:08  Queen  
  22  2:17  Queen  
  22  2:19  Zergling x4  
  22  2:22  Metabolic Boost  
  26  2:28  Drone, Evolution Chamber  
  26  2:30  Drone  
  27  2:38  Overlord  
  27  2:42  Drone  
  28  2:50  Drone  
  28  2:51  Drone  
  30  2:59  Baneling Nest  
  30  3:04  Zergling x4  
  31  3:15  Zergling x4  
  33  3:20  Zerg Melee Weapons Level 1  
  32  3:38  Drone x8  
  40  3:56  Zergling x6  
  40  3:59  Overlord x2  
  40  4:00  Overlord  
  43  4:14  Drone  
  43  4:15  Extractor  
  43  4:17  Zergling x2, Queen  
  43  4:18  Zergling x4  
  43  4:20  Zergling x2, Hatchery  
  48  4:36  Baneling x2  
  48  4:37  Zergling x2  
  48  4:38  Zergling x4  
  50  4:48  Drone x2  
  50  4:49  Drone x4  
  50  4:50  Drone  
  50  5:04  Zergling x4  
  49  5:18  Zerg Ground Armor Level 1  
  49  5:19  Zergling x6  
  49  5:20  Zergling x10  
  57  5:32  Drone x2  
  56  5:44  Zergling x10  
  56  5:45  Zergling x2  
  62  5:52  Roach Warren  
  62  5:54  Lair  
  61  6:03  Evolution Chamber  
  57  6:24  Zergling x2  
  57  6:25  Zergling x26  
  59  6:47  Roach x7  
  61  6:53  Overlord x2  
  61  6:54  Overlord  
  73  7:11  Drone x6  
  73  7:12  Drone x3  
  79  7:17  Zerg Ground Armor Level 2, Zerg Missile Weapons Level 1  
  71  7:25  Roach  
  71  7:26  Roach x5  
  80  7:39  Glial Reconstitution  
  80  7:41  Roach  
  80  7:42  Roach x3  
  88  7:46  Zergling x8  
  92  7:55  Roach x2  
  96  8:01  Spore Crawler  
  96  8:02  Spore Crawler  
  96  8:03  Overlord x4, Spore Crawler  
  93  8:08  Drone  
  93  8:09  Drone x3  
  97  8:25  Roach x4  
  97  8:26  Roach  
  102  8:41  Roach, Hydralisk Den  
  102  8:55  Roach x3  
  108  8:58  Zergling x14  
  115  9:10  Drone x3  
  118  9:19  Extractor, Drone x3  
  118  9:23  Drone x2  
  118  9:24  Hatchery  
  121  9:25  Extractor  
  121  9:27  Overlord x3  
  109  9:46  Roach  
  109  9:47  Roach x9  
  125  9:54  Roach x2  
  129  10:09  Roach x2  
  129  10:10  Roach x3  
  139  10:33  Roach x3  
  143  10:42  Overseer x3  
  137  10:48  Zergling x4  
  137  10:49  Zergling x12  
  145  10:56  Drone x6  
  151  11:03  Overlord x3  
  151  11:09  Pneumatized Carapace  
  151  11:13  Zergling x2  
  152  11:19  Queen  
  152  11:20  Zerg Missile Weapons Level 2  
  152  11:21  Infestation Pit  
  149  11:25  Roach x2  
  149  11:26  Roach x5  
  149  11:31  Zergling x2  
  149  11:32  Zergling x14  
  167  11:39  Roach x2  
  170  11:49  Hydralisk x3  
  170  11:53  Overlord x2  
  170  11:54  Overlord x3  
  176  12:03  Queen  
  140  12:30  Roach x15  
  140  12:36  Roach  
  140  12:37  Roach  
  142  12:45  Hive  
  138  12:56  Roach  
  138  12:57  Roach x7  
  154  13:01  Overseer  
  154  13:07  Overseer  
  154  13:12  Roach x2  
  160  13:13  Roach  
  160  13:23  Overseer  
  160  13:32  Hatchery  
  159  13:37  Roach  
  159  13:38  Roach x8  
  177  13:44  Roach x3  
  183  13:50  Overlord  
  183  13:51  Overlord x6  
  165  14:11  Roach  
  165  14:12  Roach x8  
  171  14:19  Zergling x6  
  170  14:30  Roach  
  170  14:31  Roach x3  
  140  14:35  Zergling x6  
  125  14:43  Zerg Missile Weapons Level 3  
  123  14:57  Roach, Zergling x2  
  123  14:58  Roach x2  
  123  14:59  Roach x2  
  134  15:04  Overseer  
  134  15:11  Drone x2  
  134  15:12  Extractor x2, Drone  
  134  15:13  Drone x3  
  138  15:20  Drone x3  
  138  15:21  Extractor, Drone x6  
  140  15:22  Drone x3  
  140  15:24  Roach  
  151  15:39  Ultralisk Cavern  
  151  15:40  Roach  
  151  15:41  Roach x2  
  156  15:54  Roach x7  
  170  16:08  Roach  
  170  16:09  Roach x9  
  190  16:12  Overseer  
  190  16:14  Roach  
  190  16:15  Roach  
  190  16:17  Overlord x3  
  194  16:20  Hatchery  
  154  16:41  Spire  
  154  16:44  Spire  
  152  16:49  Roach x6  
  164  16:57  Roach x5  
  174  17:09  Overseer x2  
  174  17:49  Hatchery  
  173  17:56  Mutalisk x7  
  149  18:02  Hatchery  
  116  18:12  Mutalisk x3  
  118  18:41  Roach  
  118  18:42  Roach x14  
  146  18:49  Roach x2  
  156  19:04  Zergling x2  
  156  19:05  Zergling x6  
  156  19:08  Zergling x2  
  156  19:09  Overlord, Zergling x8  
Tags
 
Composition
Lurkers
Matchup
ZvZ
Race
Zerg
Replay Pack
Pack 1
Spawn Locations
Cross Positions
Add a new tag
Caveats
  • Supply blocks, unpowered buildings, or Contaminate may cause inaccurate times.
  • Supply counts are checked every 10 seconds.